[Event "GER-ch Youth U14 2020"]
[Site "Willingen"]
[Date "2020.10.20"]
[Round "1.2"]
[White "Klühs, Gustaf"]
[Black "Costa, Leonardo"]
[Result "0-1"]
[ECO "E06"]
[WhiteElo "1827"]
[BlackElo "2165"]
[Annotator "RC"]
[PlyCount "106"]
[EventDate "2020.10.20"]
[EventType "swiss"]
[EventRounds "7"]
[EventCountry "GER"]
[SourceTitle "playchess.com"]
[Source "ChessBase"]
[SourceQuality "1"]
[TimeControl "40/5400+30:1800+30"]

1. d4 d5 2. c4 e6 3. Nf3 Nf6 4. g3 Be7 5. Bg2 O-O 6. O-O c6 7. Nbd2 b6 8. Qc2 Bb7 9. b3 Na6 10. a3 c5 11. Bb2 Rc8 12. dxc5 Nxc5 13. Rfd1 Qe8 14. b4 Na4 15. Ne5 Nxb2 16. Qxb2 Qa4 17. Rdc1 a6 18. Qc2 Qxc2 19. Rxc2 Rfd8 20. Rac1 Ne4 21. Nxe4 dxe4 22. Ng4 f5 23. Ne3 Bg5 24. h4 Bxe3 25. fxe3 Rc7 26. a4 Rdc8 27. c5 a5 28. bxa5 bxa5 29. Kf2 Bd5 30. Rc3 Rb8 31. h5 Rb4 32. Ra3 Kf7 33. Bh3 g6 34. hxg6+ hxg6 35. g4 Kf6 36. Kg3 Kg5 37. Rc2 Rc4 38. Rac3 Rxa4 39. Rc1 Rb4 40. gxf5 gxf5 41. Ra1 a4 42. Bg2 Bb3 43. Kf2 Rc6 44. Ke1 Rb5 45. Rac1 Kf6 46. Kd2 Ke7 47. Ke1 Kd8 48. Kf2 Kc7 49. Kg3 Kb7 50. Kf4 Ka6 51. Ke5 Ka5 52. Kd4 Kb4 53. Ra1 Rcxc5 0-1

[Event "GER-ch Youth U14 2020"]
[Site "Willingen"]
[Date "2020.10.20"]
[Round "1.9"]
[White "Halabi, Ibrahim"]
[Black "Mimkes, Antal"]
[Result "1-0"]
[ECO "B01"]
[WhiteElo "1895"]
[BlackElo "1567"]
[Annotator "NA RC"]
[PlyCount "131"]
[EventDate "2020.10.20"]
[EventType "swiss"]
[EventRounds "7"]
[EventCountry "GER"]
[SourceTitle "playchess.com"]
[Source "ChessBase"]
[SourceQuality "1"]
[TimeControl "40/5400+30:1800+30"]

1. e4 d5 2. exd5 c6 3. dxc6 Nxc6 4. Nf3 e5 5. Nc3 Nf6 6. d3 {[%emt 0:01:46] B01: Scandinavian Defence.} Bc5 7. Be2 O-O 8. O-O h6 9. Ne4 Bb6 10. Nxf6+ Qxf6 11. c3 Bf5 12. Be3 Bc7 13. Nd2 {[%emt 0:04:51] [#]} Rad8 $146 ({Predecessor:} 13... Rfd8 14. Qc2 Qg6 15. Ne4 Ne7 16. Rad1 Nd5 17. Ng3 Be6 18. Bh5 Qh7 19. Ne4 b6 {½-½ (53) Leks,H (2165)-Bakalarz,M (2305) Wroclaw 2010}) 14. Qc2 Qg6 15. Ne4 h5 16. Kh1 Be6 17. f4 f5 (17... b6 $14) 18. Ng5 Bd5 19. Bf3 $2 (19. h4 $16) 19... exf4 20. Bxd5+ Rxd5 21. Qb3 Rfd8 22. Qxb7 fxe3 23. Qxc7 e2 ({Weaker is} 23... Rxd3 24. Qf4 $15) 24. Rfe1 Rxd3 {[%emt 0:03:15] [#]} 25. Rxe2 (25. Qf4 $1 $16) 25... Qxg5 26. Qxc6 Qg4 27. Qe6+ Kh8 (27... Kh7 $14) 28. Rae1 Rd2 {[%emt 0:03:18] [#]} 29. h3 $1 Rxe2 30. Qxe2 Qg5 31. Rd1 Rf8 32. Qf3 Rb8 33. b3 Re8 34. Rf1 Rf8 35. c4 g6 36. Qf4 (36. c5 $18) 36... Qf6 37. Rd1 g5 38. Qd4 g4 (38... Qxd4 $142 39. Rxd4 Kg7) 39. Qxf6+ Rxf6 40. hxg4 hxg4 41. Rd8+ Kg7 42. Rd7+ Kg6 43. c5 Kg5 $2 (43... Re6 $1 $11 {and Black is okay.}) 44. g3 Rc6 45. b4 a5 46. a3 axb4 47. axb4 Ra6 48. Rd2 Ra1+ 49. Kg2 Rb1 50. Rd4 Rb2+ 51. Kf1 Rb1+ 52. Ke2 Rb2+ 53. Kd3 Rb3+ 54. Kc2 Rxg3 55. c6 Rh3 56. c7 Rh2+ 57. Rd2 Rh8 58. Rd8 Rh2+ 59. Rd2 $2 (59. Kd3 {mates} Rh3+ 60. Kd4 Rh1 61. c8=Q Rd1+ 62. Ke3 Re1+ 63. Kf2 Re7 64. Rg8+ Kf4 65. Qd8) 59... Rh8 60. b5 g3 61. b6 Rc8 62. Rd8 g2 63. Rxc8 Kh4 64. Rh8+ Kg3 65. Rg8+ Kf2 66. c8=Q 1-0

[Event "GER-ch Youth U14 2020"]
[Site "Willingen"]
[Date "2020.10.20"]
[Round "1.16"]
[White "Bock, Marlon"]
[Black "Hecht, Jonas Christian"]
[Result "0-1"]
[ECO "A03"]
[WhiteElo "1776"]
[BlackElo "1764"]
[Annotator "NA RC"]
[PlyCount "76"]
[EventDate "2020.10.20"]
[EventType "swiss"]
[EventRounds "7"]
[EventCountry "GER"]
[SourceTitle "playchess.com"]
[Source "ChessBase"]
[SourceQuality "1"]
[TimeControl "40/5400+30:1800+30"]

1. f4 d5 2. Nf3 c5 3. b3 Nc6 4. Bb2 Nf6 5. e3 Bg4 6. Be2 e6 7. O-O Bd6 8. Ne5 Bxe2 9. Qxe2 Qc7 10. Nxc6 Qxc6 11. d3 O-O-O 12. Nd2 Qc7 13. Nf3 Rhg8 14. Rfc1 d4 15. exd4 Bxf4 16. Rf1 cxd4 17. Bxd4 Bxh2+ 18. Nxh2 Rxd4 19. Qf2 Rd5 20. Qxa7 Rc5 21. c4 Qd6 22. Nf3 b6 23. b4 Rc7 24. Qa6+ Kd8 25. d4 Qxb4 26. Rfc1 Qd6 27. c5 Qf4 28. Qxb6 g5 29. Qb8+ Ke7 30. Qb4 Nd5 31. Qa3 g4 32. c6+ Kd8 33. Rab1 gxf3 34. Rb8+ Rc8 35. c7+ Kd7 36. Qa4+ Ke7 37. Rxc8 Rxg2+ 38. Kf1 Qxc1+ 0-1

[Event "GER-ch Youth U14 2020"]
[Site "Willingen"]
[Date "2020.10.20"]
[Round "1.17"]
[White "Bungarten, Jona"]
[Black "Meuer, David"]
[Result "1-0"]
[ECO "C07"]
[WhiteElo "1834"]
[BlackElo "1632"]
[Annotator "NA RC"]
[PlyCount "57"]
[EventDate "2020.10.20"]
[EventType "swiss"]
[EventRounds "7"]
[EventCountry "GER"]
[SourceTitle "playchess.com"]
[Source "ChessBase"]
[SourceQuality "1"]
[TimeControl "40/5400+30:1800+30"]

1. e4 e6 2. d4 d5 3. Nd2 c5 4. exd5 Qxd5 5. Ngf3 cxd4 6. Bc4 Qd6 7. O-O Nf6 8. Nb3 Nc6 9. Nbxd4 Nxd4 10. Nxd4 a6 11. c3 Qc7 12. Bb3 Bd6 13. h3 O-O 14. Qf3 {[%emt 0:01:00] C07: French Tarrasch: 3...c5, 4 Ngf3 and 4 exd5 Qxd5.} b6 {[%emt 0:07:49] [#]} 15. Bg5 $146 ({Predecessor:} 15. Qxa8 Bb7 16. Qxf8+ Bxf8 17. Bd1 e5 18. Nf5 Nd5 19. Bf3 Qd7 20. Rd1 Qe6 21. Ng3 Bc5 {0-1 (37) Dobrovolsky,L (2380)-Antonsen,M (2390) Tastrup 1992}) 15... Bb7 16. Qe2 Ne4 17. Be3 h6 18. Bc2 Rfd8 {[%emt 0:02:27] [#]} 19. Bxh6 $1 Nxf2 $2 ({Better is} 19... Nxc3 $1 $14 20. Qg4 (20. bxc3 gxh6 21. Qd3 Kf8 $14) 20... f5) 20. Rxf2 gxh6 {[%emt 0:02:03] [#]} (20... Bg3 $142 21. Rff1 Be5) 21. Qh5 $2 (21. Nxe6 $1 Bh2+ {[#]} (21... fxe6 22. Qxe6+) 22. Kh1 $1 ) 21... Bc5 22. Qxh6 Bxd4 23. cxd4 Rd7 24. Raf1 f6 25. Rxf6 Rg7 26. Bh7+ Kh8 27. Rf8+ Rxf8 28. Rxf8+ Rg8 29. Rxg8# 1-0

[Event "GER-ch Youth U14 2020"]
[Site "Willingen"]
[Date "2020.10.20"]
[Round "1.18"]
[White "Kageler, Anton Paul"]
[Black "Spriestersbach, Kai"]
[Result "1-0"]
[ECO "B28"]
[WhiteElo "1664"]
[BlackElo "1863"]
[Annotator "NA RC"]
[PlyCount "139"]
[EventDate "2020.10.20"]
[EventType "swiss"]
[EventRounds "7"]
[EventCountry "GER"]
[SourceTitle "playchess.com"]
[Source "ChessBase"]
[SourceQuality "1"]
[TimeControl "40/5400+30:1800+30"]

1. e4 c5 2. Nf3 a6 3. d4 cxd4 4. Nxd4 Nf6 5. Nc3 e5 6. Nb3 Bb4 7. Bg5 h6 8. Bh4 {[%emt 0:07:08] B28: Sicilian: 2 Nf3 a6 (O'Kelly Variation).} d6 {[%emt 0:10:20] [#]} 9. Qd3 $146 ({Predecessor:} 9. f3 Be6 10. Qd2 Nxe4 11. fxe4 Qxh4+ 12. g3 Bxc3 13. gxh4 Bxd2+ 14. Nxd2 Nc6 15. Bc4 Nd4 {0-1 (49) Amiridou,D (1555)-Papathanasiou,E (1534) Kallithea 2008}) 9... Nbd7 10. O-O-O Bxc3 11. bxc3 Qc7 12. f3 O-O (12... Ke7 $1 $11 {keeps the balance.}) 13. Qxd6 Qxc3 14. Rd3 Qc6 (14... Qc4 $16) 15. Qxc6 bxc6 16. Rc3 Bb7 (16... a5 $16 {is a better defense.} 17. Rxc6 a4) 17. Na5 Rfb8 18. Nxc6 Bxc6 19. Rxc6 Rb4 20. Bc4 a5 21. c3 Rb6 22. Rxb6 Nxb6 23. Bb5 Rc8 24. Kc2 Nc4 25. Bxc4 Rxc4 26. Rd1 Nh5 27. Bg3 Nxg3 28. hxg3 f5 29. exf5 Kf7 30. Rd5 Kf6 31. Rxa5 Kxf5 32. Kd3 Rc7 33. c4 g5 34. c5 Rd7+ 35. Ke3 Rd4 36. Ra6 h5 37. Rd6 Rc4 38. c6 Rc3+ 39. Kd2 Rc5 40. Kd3 h4 41. gxh4 gxh4 42. a4 Kf4 $2 (42... Rc1 {might work better.}) 43. Rg6 Kf5 44. Rg4 Rxc6 45. Rxh4 Rc1 46. Re4 Ra1 47. g4+ Kf6 48. Ke3 Ra3+ 49. Kf2 Ra2+ 50. Kg3 Ra3 51. g5+ Kf5 52. Kg2 Ra2+ 53. Kg3 Rb2 54. g6 Kxg6 55. Rxe5 Kf6 56. Rb5 Rc2 57. a5 Rc4 58. f4 Rc1 59. Kf3 Ra1 60. f5 Re1 61. Kf4 Rf1+ 62. Ke4 Re1+ 63. Kd3 Rc1 64. Kd4 Rc2 65. Rc5 Rb2 66. Kc4 Rb1 67. Rb5 Rc1+ 68. Kb4 Rb1+ {[%emt 0:00:13] [#]} 69. Kc5 $1 Rc1+ 70. Kb6 1-0

[Event "GER-ch Youth U14 2020"]
[Site "Willingen"]
[Date "2020.10.20"]
[Round "1.20"]
[White "Lerchl, Clemens"]
[Black "Huo, Da"]
[Result "1-0"]
[ECO "B59"]
[WhiteElo "1699"]
[BlackElo "1868"]
[Annotator "NA RC"]
[PlyCount "69"]
[EventDate "2020.10.20"]
[EventType "swiss"]
[EventRounds "7"]
[EventCountry "GER"]
[SourceTitle "playchess.com"]
[Source "ChessBase"]
[SourceQuality "1"]
[TimeControl "40/5400+30:1800+30"]

1. e4 c5 2. Nf3 d6 3. d4 cxd4 4. Nxd4 Nf6 5. Nc3 Nc6 6. Be2 e5 7. Nb3 Be6 8. O-O Be7 9. Be3 O-O 10. f4 a5 {[%emt 0:07:37] B59: Classical Sicilian: 6 Be2 e5 7 Nb3.} ({Black should play} 10... exf4 $15 11. Rxf4 d5) 11. Nd2 (11. f5 $14 Bd7 12. Bb5) 11... exf4 12. Bxf4 Ne5 13. Kh1 Rc8 14. Nf3 Ng6 15. Be3 Ne5 16. Bf4 Nc4 {[%emt 0:09:02] [#]} 17. Nd5 $146 ({Predecessor:} 17. Bxc4 Bxc4 18. Re1 Ng4 19. Qd4 Rc6 20. h3 Bf6 21. e5 Nxe5 22. Nxe5 dxe5 23. Qxd8 Bxd8 24. Bxe5 Be6 25. Re2 {0-1 (36) Presznyak,I (2305)-Madl,I (2375) Hungary 1992}) 17... Nxd5 18. exd5 Bg4 19. b3 Nb6 (19... Bxf3 $5 20. Bxf3 Ne5 $14) 20. c4 Bf6 21. Rc1 Re8 22. Bd3 h6 23. h3 Bh5 24. g4 Bg6 25. Bxg6 fxg6 26. Qd3 g5 27. Bg3 Na8 28. Nd4 Nc7 29. Nf5 Be5 30. Bxe5 Rxe5 31. Nxh6+ gxh6 32. Qg6+ Kh8 33. Qxh6+ Kg8 34. Qg6+ Kh8 35. Rf7 1-0

[Event "GER-ch Youth U14 2020"]
[Site "Willingen"]
[Date "2020.10.20"]
[Round "1.21"]
[White "Stork, Christopher"]
[Black "Brunner, Alexander"]
[Result "1/2-1/2"]
[ECO "B92"]
[WhiteElo "1869"]
[BlackElo "1692"]
[Annotator "NA RC"]
[PlyCount "105"]
[EventDate "2020.10.20"]
[EventType "swiss"]
[EventRounds "7"]
[EventCountry "GER"]
[SourceTitle "playchess.com"]
[Source "ChessBase"]
[SourceQuality "1"]
[TimeControl "40/5400+30:1800+30"]

1. e4 c5 2. Nf3 d6 3. d4 cxd4 4. Nxd4 Nf6 5. Nc3 a6 6. Be2 e5 7. Nb3 Be6 8. Bg5 Be7 9. Bxf6 Bxf6 10. Nd5 Nd7 {[%emt 0:02:58] B92: Sicilian Najdorf: 6 Be2.} 11. Bg4 {[%emt 0:04:12] [#]} Bxd5 $146 (11... O-O $11) ({Predecessor:} 11... Rc8 12. c3 O-O 13. O-O Bg5 14. h3 a5 15. a4 g6 16. Be2 f5 17. Bb5 Nf6 18. Nxf6+ Rxf6 {1-0 (30) Danin,A (2522)-Rakotomaharo,F (2429) Germany 2019}) 12. Qxd5 Qc7 13. Rd1 Be7 14. Bxd7+ Qxd7 15. Nc5 Qc6 (15... Qc7 $11 16. Nd3 (16. Qxb7 Rc8 $11) (16. Nxb7 O-O $11) 16... a5) 16. Nxb7 Qxd5 17. Rxd5 Rb8 18. Nxd6+ Bxd6 19. Rxd6 Rxb2 20. Rxa6 Ke7 ({Black should play} 20... Rb1+ $14 21. Ke2 Rxh1 22. Ra8+ Ke7 23. Rxh8 Rxh2) 21. Kd2 Rc8 22. Rc1 Rb4 23. Ra7+ Ke6 24. Ra3 (24. f3 $16) 24... Rxe4 25. f3 Rh4 26. h3 f5 27. Re1 Rd4+ 28. Rd3 Rdc4 29. Rc1 g5 30. Ra3 h5 31. c3 g4 32. hxg4 hxg4 33. Rh1 gxf3 34. Rh6+ Kd5 35. gxf3 R4c5 {[%emt 0:02:36] [#]} 36. Rf6 $1 Rd8 37. Kc2 (37. Raa6 $16) 37... f4 38. Raa6 Rg8 39. Rfd6+ Kc4 40. Ra4+ Kb5 41. Rb4+ Ka5 42. Rd7 $2 (42. Kb3 $18 {has better winning chances.} Rb5 43. a4) 42... Rb5 43. Rxb5+ Kxb5 44. Kd3 Kc6 $1 45. Ra7 Rg1 46. Ra4 Rf1 47. Ke2 Rc1 48. c4 Rc3 49. Ra5 Re3+ 50. Kf2 e4 51. fxe4 $11 Rxe4 52. Kf3 Rxc4 53. Rf5 1/2-1/2

[Event "GER-ch Youth U14 2020"]
[Site "Willingen"]
[Date "2020.10.20"]
[Round "1.22"]
[White "Englert, Luca"]
[Black "Tham, Nam"]
[Result "0-1"]
[ECO "C29"]
[WhiteElo "1530"]
[BlackElo "1890"]
[Annotator "NA RC"]
[PlyCount "76"]
[EventDate "2020.10.20"]
[EventType "swiss"]
[EventRounds "7"]
[EventCountry "GER"]
[SourceTitle "playchess.com"]
[Source "ChessBase"]
[SourceQuality "1"]
[TimeControl "40/5400+30:1800+30"]

1. e4 e5 2. Nc3 Nf6 3. f4 d5 4. fxe5 Nxe4 5. Nf3 Bc5 6. d4 Bb4 7. Bd2 c5 8. a3 {[%emt 0:01:09] C29: Vienna Game: 2...Nf6 3 f4.} Bxc3 9. bxc3 Bg4 10. Be2 {[%emt 0:01:52] [#]} Bxf3 $146 ({Black should try Predecessor:} 10... Nc6 $17 11. O-O O-O 12. Rb1 Qd7 13. Be1 b6 14. h3 Bh5 15. g4 Bg6 16. Nh4 Rae8 {0-1 (42) Morales Pecino,B (2304)-Belka,W (2449) ICCF email 2012}) 11. Bxf3 cxd4 12. cxd4 Nc6 13. c3 O-O 14. O-O f6 (14... f5 $14) 15. Bxe4 $1 dxe4 16. Qb3+ Kh8 17. exf6 Rxf6 18. Rfe1 ({White should play} 18. Rxf6 Qxf6 19. Rf1 (19. Qxb7 Rf8 $16)) 18... Na5 19. Qb4 (19. Qc2 $16 Re6 20. Rxe4 Rxe4 21. Qxe4) 19... Qd5 20. Rf1 Nb3 (20... Re8 $11) 21. Rxf6 gxf6 {[%emt 0:00:09] [#]} 22. Bh6 $3 Qh5 (22... Nxa1 $2 {loses.} 23. Qe7 $18) 23. Qxb7 Rg8 24. Qxb3 Qxh6 25. Qc2 f5 26. Re1 Qg5 27. g3 h5 28. Kf1 (28. Qc1 $14) 28... h4 29. Qg2 Qg4 30. d5 Rd8 31. c4 e3 32. Qe2 Qh3+ 33. Kg1 hxg3 34. hxg3 Qxg3+ 35. Kh1 Rd7 36. Qb2+ {[%emt 0:01:00] [#]} Rg7 $1 37. Rb1 Qf3+ 38. Kh2 Qh5# 0-1

[Event "GER-ch Youth U14 2020"]
[Site "Willingen"]
[Date "2020.10.21"]
[Round "2.8"]
[White "Schwartz, Oliver"]
[Black "Halabi, Ibrahim"]
[Result "0-1"]
[ECO "B90"]
[WhiteElo "1794"]
[BlackElo "1895"]
[Annotator "NA RC"]
[PlyCount "80"]
[EventDate "2020.10.20"]
[EventType "swiss"]
[EventRounds "7"]
[EventCountry "GER"]
[SourceTitle "playchess.com"]
[Source "ChessBase"]
[SourceQuality "1"]
[TimeControl "40/5400+30:1800+30"]

1. e4 c5 2. Nf3 d6 3. d4 cxd4 4. Nxd4 Nf6 5. Nc3 a6 6. f3 e5 7. Nb3 Be6 8. Be3 Be7 9. Qd2 O-O 10. O-O-O Nbd7 11. g4 b5 12. g5 b4 13. gxf6 bxc3 14. Qxc3 Nxf6 15. Na5 Qd7 16. Qc6 Rfc8 ({Not} 16... Bxa2 $2 17. b3 $18) 17. Qxd7 Nxd7 18. b3 Rc3 19. Kd2 Rcc8 20. c4 {[%emt 0:22:17] [#]} (20. Be2 $11 {keeps the balance.}) 20... Nc5 (20... Rab8 $1 $17 21. Ke1 Bd8) 21. Kc2 Bd8 22. Bd2 f5 23. Bh3 fxe4 24. Bxe6+ Nxe6 25. fxe4 Nd4+ 26. Kb2 Rab8 27. Rc1 $2 (27. Ka3 $1 $11) 27... Rc5 28. Ka3 Bxa5 29. b4 Nc6 (29... Bb6 $142 30. bxc5 Bxc5+ 31. Ka4 {[#]} Rb2 $1 {[%mdl 576] Double Attack}) 30. bxa5 Nxa5 31. Bb4 Nxc4+ 32. Ka4 $2 (32. Kb3 Nb2 33. a3) 32... Nb2+ 33. Ka3 Rxb4 34. Rb1 Rxe4 (34... Rb7 $142 35. Rxb2 Ra5#) 35. Rxb2 $19 Ra5+ 36. Kb3 Rb5+ 37. Ka3 Re3+ 38. Rb3 Rexb3+ 39. axb3 e4 40. Rf1 Re5 0-1

[Event "GER-ch Youth U14 2020"]
[Site "Willingen"]
[Date "2020.10.21"]
[Round "2.12"]
[White "Ermitsch, Magnus"]
[Black "Stork, Christopher"]
[Result "1/2-1/2"]
[ECO "B28"]
[WhiteElo "2049"]
[BlackElo "1869"]
[Annotator "RC"]
[PlyCount "90"]
[EventDate "2020.10.20"]
[EventType "swiss"]
[EventRounds "7"]
[EventCountry "GER"]
[SourceTitle "playchess.com"]
[Source "ChessBase"]
[SourceQuality "1"]
[TimeControl "40/5400+30:1800+30"]

1. e4 c5 2. Nf3 a6 3. c4 Nc6 4. d4 cxd4 5. Nxd4 Nf6 6. Nc3 e5 7. Nc2 Be7 8. Be3 O-O 9. Be2 d6 10. O-O Be6 11. b3 Rc8 12. f3 Ne8 13. Qd2 f5 14. exf5 Bxf5 15. Nd5 Nf6 16. Bd3 Nxd5 17. Bxf5 Rxf5 18. Qxd5+ Kh8 19. Rad1 Qg8 20. Qxg8+ Kxg8 21. Bb6 Rf6 22. Ne3 Bf8 23. Nd5 Rg6 24. f4 exf4 25. Rxf4 Be7 26. Rdf1 Bg5 27. Re4 Rf8 28. Bc7 Rxf1+ 29. Kxf1 Kf7 30. h4 Be7 31. Bb6 Ne5 32. Bd4 Bf6 33. c5 Rg4 34. Nxf6 gxf6 35. Rxg4 Nxg4 36. cxd6 Ke6 37. Bc5 Ne5 38. Ke2 Nf7 39. Kf3 Ne5+ 40. Ke4 f5+ 41. Ke3 h5 42. b4 Ng6 43. g3 Kd7 44. a4 b5 45. a5 Ke6 1/2-1/2

[Event "GER-ch Youth U14 2020"]
[Site "Willingen"]
[Date "2020.10.21"]
[Round "2.16"]
[White "Spriestersbach, Kai"]
[Black "Niemann, Leon"]
[Result "1/2-1/2"]
[ECO "B33"]
[WhiteElo "1863"]
[BlackElo "1880"]
[Annotator "NA RC"]
[PlyCount "58"]
[EventDate "2020.10.20"]
[EventType "swiss"]
[EventRounds "7"]
[EventCountry "GER"]
[SourceTitle "playchess.com"]
[Source "ChessBase"]
[SourceQuality "1"]
[TimeControl "40/5400+30:1800+30"]

1. e4 c5 2. Nf3 Nc6 3. d4 cxd4 4. Nxd4 Nf6 5. Nc3 e6 6. Ndb5 Bb4 7. a3 Bxc3+ $1 8. Nxc3 d5 9. exd5 exd5 10. Bd3 O-O 11. O-O d4 12. Ne2 Bg4 13. h3 {[%emt 0:03:14] B45: Sicilian Four Knights.} Bh5 14. Bf4 Re8 15. Re1 Qb6 {[%emt 0:10:29] [#]} 16. Rb1 $146 ({Predecessor:} 16. b4 a5 17. b5 Ne5 18. Bxe5 Rxe5 19. Qd2 Rae8 20. Ng3 Rxe1+ 21. Rxe1 Bg6 22. Rxe8+ Nxe8 {1-0 (41) Corrales Jimenez,F (2496)-Iturrizaga Bonelli,E (2309) Havana 2006}) 16... Rad8 17. Qd2 Bg6 18. Bg5 Bxd3 (18... Ne5 $11) 19. Bxf6 gxf6 20. cxd3 Kh8 21. Ng3 Rg8 22. Re4 Ne5 23. Kh2 Rg6 24. Qe2 Rdg8 25. Rg1 Qd6 26. Kh1 Qd7 27. Kh2 $11 (27. Rh4 $16) 27... Qd6 28. Kh1 Qd7 29. Kh2 Qd6 1/2-1/2

[Event "GER-ch Youth U14 2020"]
[Site "Willingen"]
[Date "2020.10.21"]
[Round "2.17"]
[White "Huo, Da"]
[Black "Tovmasyan, Minas"]
[Result "1/2-1/2"]
[ECO "B41"]
[WhiteElo "1868"]
[BlackElo "1658"]
[Annotator "NA RC"]
[PlyCount "84"]
[EventDate "2020.10.20"]
[EventType "swiss"]
[EventRounds "7"]
[EventCountry "GER"]
[SourceTitle "playchess.com"]
[Source "ChessBase"]
[SourceQuality "1"]
[TimeControl "40/5400+30:1800+30"]

1. e4 c5 2. Nf3 e6 3. d4 cxd4 4. Nxd4 a6 5. c4 Qc7 6. Nc3 Nf6 7. Be2 d6 8. O-O b6 9. Be3 Bb7 10. f3 Be7 11. Rc1 Nbd7 12. Qe1 O-O 13. Qf2 Rac8 {[%emt 0:07:51] A31: Symmetrical English: 2 Nf3 Nf6 3 d4.} 14. Rfd1 Qb8 15. Nc2 (15. g4 $16) 15... Bd8 16. Rd2 Bc7 17. g3 Rfd8 18. Rcd1 {[%emt 0:05:48] [#]} h6 $1 $146 ({Predecessor:} 18... Bc6 19. Nb4 Qb7 20. Bf1 Ne5 21. a3 Be8 22. h3 b5 23. cxb5 Bxb5 24. Nxb5 axb5 {1-0 (44) Jamrich,G (2322)-Nemeth,D (2108) Zalakaros 2010}) 19. Nb4 Nc5 20. Nd3 Bc6 21. Nb4 Bb7 22. Nc2 ({White should play} 22. Qg2 $14) 22... Bc6 23. b4 (23. Nd4 $16 Bd7 24. g4) 23... Na4 24. Nd4 Be8 25. Nxa4 Bxa4 26. Rb1 Bd7 27. b5 a5 ({Black should try} 27... axb5 $11 28. Nxb5 Bxb5 29. Rxb5 Nd7) 28. Nc6 Bxc6 $1 29. bxc6 Qa8 30. Bxb6 Qxc6 31. Rb5 a4 32. Bxc7 Qxc7 33. Qb6 Qxb6+ 34. Rxb6 d5 35. cxd5 exd5 36. e5 Nd7 37. Rd6 Nxe5 38. R6xd5 Rxd5 39. Rxd5 Ng6 40. Ra5 (40. Bd1 $14) 40... Rc2 41. Ra8+ Nf8 42. Bb5 Rxa2 $11 1/2-1/2

[Event "GER-ch Youth U14 2020"]
[Site "Willingen"]
[Date "2020.10.21"]
[Round "2.18"]
[White "Freude, Max"]
[Black "Ehrig, Leon Chris"]
[Result "1-0"]
[ECO "B13"]
[WhiteElo "1850"]
[BlackElo "1718"]
[Annotator "NA RC"]
[PlyCount "78"]
[EventDate "2020.10.20"]
[EventType "swiss"]
[EventRounds "7"]
[EventCountry "GER"]
[SourceTitle "playchess.com"]
[Source "ChessBase"]
[SourceQuality "1"]
[TimeControl "40/5400+30:1800+30"]

1. e4 c6 2. d4 d5 3. exd5 cxd5 4. Bd3 Nc6 5. c3 Qc7 6. Ne2 Bg4 7. f3 {[%emt 0:03:31] 7.f3 was played by the boomers.} Bd7 8. O-O {[%emt 0:08:46] B13: Caro-Kann: Exchange Variation and Panov-Botvinnik Attack.} e5 9. dxe5 Nxe5 {[%emt 0:00:16] [#]} 10. f4 $146 ({Predecessor:} 10. Kh1 Nf6 11. Bf4 Bd6 12. Na3 a6 13. Nc2 h6 14. Ne3 O-O-O 15. b4 Rhe8 16. Nd4 {0-1 (43) Divya,D (2305)-Shimanov,A (2593) chess.com INT 2020}) 10... Nc6 11. Be3 Bd6 12. Nd4 a6 13. Nd2 Nge7 (13... Nf6 $11 {remains equal.}) 14. N2b3 O-O 15. Qc2 Ng6 16. Qf2 f5 (16... Nxd4 $11 17. Nxd4 Rfe8) 17. Rad1 Rae8 18. g3 Nge7 19. Nf3 h6 20. Rfe1 b5 21. Bf1 Rb8 22. Nc5 Bc8 23. Nb3 $2 ({Better is} 23. b4 $18) 23... Na5 24. Nxa5 Qxa5 25. Bc5 Qc7 26. Bxd6 Qxd6 27. Re5 Bb7 28. Rde1 Rbe8 (28... Nc6 $142) 29. Re6 Qc7 30. Qe3 Rf7 31. Ne5 Rf6 {[%emt 0:01:41] [#]} 32. Ng6 $1 Rxg6 33. Rxg6 Nxg6 34. Qxe8+ Kh7 35. Bg2 Qc4 36. Re6 Qc5+ 37. Kh1 Nf8 {[%emt 0:00:43] [#]} 38. Re7 $18 Bc6 39. Re6 Nxe6 1-0

[Event "GER-ch Youth U14 2020"]
[Site "Willingen"]
[Date "2020.10.21"]
[Round "2.19"]
[White "Wiedersich, Hendryk"]
[Black "Klühs, Gustaf"]
[Result "0-1"]
[ECO "C07"]
[WhiteElo "1570"]
[BlackElo "1827"]
[Annotator "NA RC"]
[PlyCount "54"]
[EventDate "2020.10.20"]
[EventType "swiss"]
[EventRounds "7"]
[EventCountry "GER"]
[SourceTitle "playchess.com"]
[Source "ChessBase"]
[SourceQuality "1"]
[TimeControl "40/5400+30:1800+30"]

1. e4 e6 2. d4 d5 3. Nd2 c5 4. c3 Nc6 5. Ne2 Be7 6. e5 {[%emt 0:09:18] C07: French Tarrasch: 3...c5, 4 Ngf3 and 4 exd5 Qxd5.} Nh6 7. f4 Nf5 8. Nf3 Qb6 {[%emt 0:05:53] [#]} 9. h4 $146 ({Predecessor:} 9. g4 Nh4 10. Kf2 cxd4 11. cxd4 Bd7 12. Bh3 Rc8 13. Nxh4 Bxh4+ 14. Kg2 f6 15. g5 fxg5 16. fxg5 {0-1 (28) Monteiro,T (1292)-Pinho,P (2179) Guimaraes 2017}) 9... h5 10. g3 cxd4 11. Nfxd4 {[%emt 0:00:29] [#]} (11. cxd4 $15 Bd7 12. Bh3) 11... Ncxd4 (11... Bc5 $1 $17 12. Nxf5 Bf2+ 13. Kd2 exf5) 12. cxd4 Bd7 13. Bh3 Bb5 14. Bxf5 $1 Bxe2 15. Qxe2 exf5 16. Be3 Rc8 17. Kf2 g6 18. Rhc1 Kd7 19. a3 Qb3 20. Rxc8 Rxc8 21. Rc1 Rxc1 22. Bxc1 Kc6 23. Qe3 (23. Kg2 $15) 23... Qc2+ 24. Qd2 Qxd2+ 25. Bxd2 Kb5 26. Bc3 $19 Kc4 27. a4 Bb4 0-1

[Event "GER-ch Youth U14 2020"]
[Site "Willingen"]
[Date "2020.10.21"]
[Round "2.21"]
[White "Meuer, David"]
[Black "Sallandt, Frido"]
[Result "1/2-1/2"]
[ECO "C18"]
[WhiteElo "1632"]
[BlackElo "1770"]
[Annotator "NA RC"]
[PlyCount "116"]
[EventDate "2020.10.20"]
[EventType "swiss"]
[EventRounds "7"]
[EventCountry "GER"]
[SourceTitle "playchess.com"]
[Source "ChessBase"]
[SourceQuality "1"]
[TimeControl "40/5400+30:1800+30"]

1. e4 e6 2. d4 d5 3. Nc3 Bb4 4. e5 c5 5. a3 Bxc3+ 6. bxc3 Ne7 7. Qg4 Qc7 8. Bd3 cxd4 9. Bb5+ Bd7 10. Bxd7+ Nxd7 11. Qxd4 Qxe5+ 12. Ne2 Qxd4 13. cxd4 Rc8 14. c3 Nc6 15. O-O O-O 16. Rd1 Na5 17. Bf4 Rc6 18. Rdb1 Rfc8 19. Rb5 b6 20. f3 Nc4 21. Kf2 a6 22. Rbb1 b5 23. a4 bxa4 24. Rxa4 a5 25. Ra2 Ndb6 26. h4 a4 27. Bc1 Ra8 28. Ba3 Nxa3 29. Rxa3 Nd7 30. Rb4 Rca6 31. Nc1 Nb6 32. Nd3 Nd7 33. Nb2 Nb6 34. Nd3 Nc4 35. Nc5 Nxa3 36. Nxa6 g6 37. Nc5 Nc4 38. Nxa4 Na3 39. Nc5 Nc4 40. Ra4 Rxa4 41. Nxa4 Nd6 42. Nb2 h5 43. g3 f6 44. Nd1 Kf7 45. Ne3 Nb5 46. Nd1 Ke7 47. Ke2 e5 48. Kd3 Ke6 49. Nf2 Nd6 50. dxe5 fxe5 51. g4 hxg4 52. fxg4 e4+ 53. Ke2 Ke5 54. h5 gxh5 55. gxh5 Kf5 56. h6 Kg6 57. Ng4 Nf5 58. h7 Kxh7 1/2-1/2